Map: [TLMC15] The Scavenger

Players

zipper

  • Race: Protoss Protoss
  • League: Diamond

Zorohm - Winner!

  • Race: Zerg Zerg
  • League: Master

VOD

Have the link to the VOD?

Description

Hydralisk Timing Attack

Time

  • Played on: Aug. 10, 2021, 6:09 p.m.
  • Length: 7:55
Show
View Real Time Build Order
Export as new Build Order

zipper Protoss 

Build Orders: 1 Gate Expand, Zealot Archon 

Get SALT Encoding   

  12  0:00  Probe  
  13  0:12  Probe  
  14  0:20  Pylon  
  14  0:24  Probe  
  15  0:38  Probe (Chrono Boost), Gateway  
  16  0:50  Probe (Chrono Boost)  
  16  0:55  Assimilator  
  17  0:59  Probe (Chrono Boost)  
  18  1:06  Probe  
  19  1:18  Probe  
  20  1:26  Nexus  
  20  1:34  Cybernetics Core  
  20  1:36  Probe  
  21  1:48  Assimilator, Probe  
  22  1:56  Pylon  
  22  2:01  Probe (Chrono Boost)  
  23  2:14  Adept  
  26  2:16  Probe (Chrono Boost)  
  26  2:21  Probe (Chrono Boost)  
  26  2:29  Stargate  
  26  2:31  Probe  
  26  2:34  Warp Gate  
  27  2:39  Probe  
  27  2:43  Probe  
  29  2:46  Adept  
  32  2:53  Probe (Chrono Boost)  
  32  2:55  Probe (Chrono Boost)  
  35  3:06  Probe (Chrono Boost)  
  35  3:08  Probe (Chrono Boost)  
  35  3:09  Gateway  
  35  3:11  Probe (Chrono Boost)  
  36  3:15  Probe  
  37  3:21  Probe  
  37  3:26  Void Ray (Chrono Boost)  
  38  3:27  Probe  
  38  3:34  Probe  
  40  3:39  Probe  
  43  3:45  Stalker  
  43  3:46  Probe  
  46  3:50  Assimilator  
  46  3:52  Pylon  
  46  4:05  Assimilator  
  46  4:10  Probe x2, Pylon  
  46  4:12  Nexus  
  46  4:14  Void Ray (Chrono Boost), Pylon  
  48  4:22  Robotics Facility, Probe (Chrono Boost)  
  54  4:25  Probe (Chrono Boost)  
  54  4:33  Gateway  
  54  4:34  Probe (Chrono Boost)  
  56  4:38  Probe (Chrono Boost)  
  56  4:39  Probe (Chrono Boost)  
  56  4:40  Twilight Council  
  57  4:46  Probe  
  57  4:48  Shield Battery  
  57  4:49  Probe, Zealot  
  61  4:58  Probe  
  62  5:01  Probe  
  63  5:09  Observer, Forge  
  63  5:11  Forge, Probe  
  63  5:13  Probe  
  66  5:18  Charge (Chrono Boost)  
  66  5:21  Pylon  
  66  5:25  Probe x2 (Chrono Boost)  
  66  5:28  Stalker  
  70  5:34  Probe (Chrono Boost)  
  73  5:37  Probe (Chrono Boost)  
  73  5:40  Probe (Chrono Boost)  
  73  5:42  Observer, Probe (Chrono Boost)  
  75  5:43  Probe (Chrono Boost)  
  75  5:45  Templar Archives  
  75  5:47  Probe  
  75  5:48  Pylon  
  77  5:51  Probe  
  77  5:53  Probe  
  77  5:56  Zealot  
  77  5:57  Sentry  
  83  5:59  Probe  
  83  6:03  Probe  
  85  6:05  Probe, Gateway  
  86  6:11  Probe  
  86  6:13  Assimilator  
  86  6:15  Probe  
  86  6:17  Assimilator, Probe  
  86  6:18  Zealot x2  
  91  6:25  Observer  
  94  6:27  Robotics Bay  
  94  6:30  Robotics Facility  
  94  6:33  Probe  
  95  6:47  Nexus  
  95  6:50  Pylon  
  95  6:51  Pylon  
  95  6:54  Gateway  
  95  6:55  Gateway  
  95  6:58  Probe, Gateway  
  95  7:00  Gateway  
  96  7:06  High Templar  
  96  7:07  High Templar  
  96  7:08  Probe  
  101  7:18  Zealot x2  
  101  7:19  Archon  
  102  7:39  Stalker x3  
  102  7:40  Stalker  
Show
View Real Time Build Order
Export as new Build Order

Zorohm Zerg - Winner!

Build Orders: Hatch First 

Get SALT Encoding   

  12  0:00  Drone  
  13  0:13  Overlord  
  13  0:17  Drone  
  14  0:31  Drone x2  
  16  0:48  Hatchery  
  15  0:53  Drone  
  15  0:55  Drone  
  17  1:01  Drone  
  18  1:12  Extractor  
  18  1:14  Spawning Pool  
  18  1:18  Drone  
  17  1:21  Drone  
  18  1:30  Drone  
  19  1:39  Overlord  
  19  1:50  Drone  
  20  2:00  Queen x2  
  24  2:01  Zergling x4  
  26  2:10  Drone  
  26  2:11  Drone  
  26  2:15  Metabolic Boost  
  28  2:31  Hatchery  
  28  2:34  Drone  
  28  2:36  Drone  
  29  2:41  Drone  
  30  2:45  Overlord  
  30  2:52  Queen  
  30  2:54  Drone  
  30  2:57  Drone  
  34  3:06  Pneumatized Carapace  
  34  3:10  Drone  
  34  3:11  Drone x3  
  38  3:13  Drone  
  38  3:15  Drone  
  38  3:19  Drone  
  42  3:20  Drone  
  42  3:22  Drone  
  42  3:25  Drone  
  44  3:30  Overlord  
  44  3:44  Drone x4  
  44  3:45  Drone x2  
  50  3:49  Drone  
  50  3:55  Drone  
  52  3:56  Queen  
  52  3:57  Queen  
  58  4:05  Overlord  
  58  4:08  Lair  
  56  4:10  Spore Crawler  
  56  4:11  Spore Crawler  
  56  4:12  Spore Crawler  
  56  4:13  Drone x3  
  56  4:14  Drone  
  56  4:16  Drone  
  58  4:21  Overlord x2  
  58  4:29  Extractor  
  58  4:30  Extractor  
  58  4:31  Extractor, Drone x2  
  58  4:32  Drone  
  58  4:33  Extractor, Drone  
  58  4:45  Drone x6  
  63  4:46  Drone  
  63  4:51  Drone x3  
  68  4:52  Evolution Chamber  
  68  4:53  Evolution Chamber  
  66  5:04  Drone x4, Overlord  
  66  5:05  Drone x2  
  72  5:09  Hydralisk Den  
  72  5:10  Baneling Nest  
  70  5:16  Overlord  
  70  5:17  Drone x4  
  74  5:23  Zerg Melee Weapons Level 1, Zerg Missile Weapons Level 1  
  74  5:30  Overlord x4  
  74  5:32  Overlord  
  73  5:41  Muscular Augments  
  73  5:44  Hydralisk x3  
  79  5:54  Hydralisk, Centrifical Hooks  
  79  5:55  Hydralisk x2  
  85  6:01  Hydralisk  
  85  6:02  Hydralisk  
  89  6:12  Hydralisk x2  
  89  6:13  Zergling x2  
  89  6:14  Zergling x12  
  100  6:19  Hydralisk x2  
  104  6:28  Hatchery, Hydralisk x2  
  104  6:29  Zergling x6  
  104  6:30  Zergling x2  
  104  6:31  Zergling x2  
  112  6:33  Zergling x4, Hydralisk  
  112  6:37  Hydralisk  
  112  6:39  Zergling x2  
  119  6:41  Drone  
  119  6:43  Hydralisk  
  122  6:49  Hydralisk  
  122  6:51  Overseer  
  124  6:54  Hydralisk  
  124  6:55  Hydralisk  
  124  6:56  Overlord x3  
  124  6:58  Zergling x2  
  129  7:07  Overlord x2  
  129  7:21  Baneling x11  
  129  7:22  Zergling x2, Baneling x6  
  130  7:23  Zergling x18  
  140  7:30  Zergling x4  
  140  7:32  Overseer  
  140  7:35  Zergling x2  
Tags
 
Add a new tag
Caveats
  • Supply blocks, unpowered buildings, or Contaminate may cause inaccurate times.
  • Supply counts are checked every 10 seconds.